 Dungeon Crawl Stone Soup version 0.22.1-2-g9c5b331 (webtiles) character file.

131 Monzz the Chopper (level 5, -3/46 HPs)
             Began as a Hill Orc Monk on Dec 17, 2018.
             Slain by Sigmund
             ... wielding a +0 scythe
              (6 damage)
             ... on level 3 of the Dungeon.
             The game lasted 00:07:26 (2505 turns).

Monzz the Chopper (Hill Orc Monk)                   Turns: 2505, Time: 00:07:27

Health: -3/46      AC: 10    Str: 15    XL:     5   Next: 14%
Magic:  5/5        EV:  4    Int: 15    God:
Gold:   91         SH:  0    Dex: 13    Spells: 4/4 levels left

rFire    . . .     SeeInvis .   p - +0 mace (curse)
rCold    . . .     Gourm    +   o - +0 shield (curse)
rNeg     . . .     Faith    .   v - +0 chain mail
rPois    .         Spirit   .   g - +0 helmet
rElec    .         Reflect  .   j - +0 cloak
rCorr    .         Harm     .   (no gloves)
MR       .....                  (no boots)
Stlth    ..........             t - amulet of the gourmand
HPRegen  0.15/turn              h - +5 ring of intelligence
MPRegen  0.09/turn              (no ring)

@: confused
A: no striking features
a: no special abilities


You were on level 3 of the Dungeon.
You were very full.

You visited 1 branch of the dungeon, and saw 3 of its levels.

You collected 91 gold pieces.

Inventory:

Hand Weapons
 a - a +0 hand axe
 p - a cursed +0 mace (weapon)
 q - a +0 club
Armour
 g - a +0 helmet (worn)
 j - a +0 cloak (worn)
 o - a cursed +0 shield (worn)
 v - a +0 chain mail (worn)
Jewellery
 h - a +5 ring of intelligence (left hand)
 t - an amulet of the gourmand (around neck)
Scrolls
 b - 3 scrolls of identify
 l - 5 scrolls of teleportation
Potions
 d - a potion of lignification {unknown}
 e - a potion of resistance {unknown}
 f - a potion of brilliance {unknown}
 i - a potion of magic {unknown}
 k - a potion of flight {unknown}
 m - a potion of agility {unknown}
 n - 2 potions of haste {unknown}
 u - a potion of might {unknown}
Comestibles
 c - 7 rations


   Skills:
 * Level 4.2 Fighting
 * Level 5.2 Axes
 + Level 0.1(2.5) Maces & Flails
 + Level 1.4 Armour
 + Level 3.2 Dodging
 + Level 2.0 Stealth
 * Level 1.0 Shields


You had 4 spell levels left.
You didn't know any spells.
Your spell library was empty.

Dungeon Overview and Level Annotations

Branches:
Dungeon (3/15)

Altars:
Qazlal
Sif Muna

Annotations:
D:3 Sigmund


Message History

You hit something but do no damage. Something hits you but does no damage.
You closely miss something. Something hits you.
Your shield and chain mail prevent you from hitting something.
You hit something but do no damage. Something hits you but does no damage.
Your shield and chain mail prevent you from hitting something.
Something hits you!
* * * LOW HITPOINT WARNING * * *
You miss something.
You hear some strange, mumbled words.
You are confused.
You miss something.
You hear some strange, mumbled words.
A puff of flame appears from out of thin air!
The puff of flame hits you!
* * * LOW HITPOINT WARNING * * *
You hear some strange, mumbled words.
Something tries to affect you, but you resist.
You're too confused!
Something hits you.
You die...

#.%.>.# #...$.# ###
#...?.# #.. ..... #.#
... #.# #.# #.# #.# #.#
#.# ###.## ####@####
##....####.......#
##......#.....{##.#
###.........#.##......
#######
..........###.##.##.###
#.(.... .........##
#.##.# # #.#####
.###...### #.##.#
######.# # .##....#
#..... #......# #
.##....### ###...#
#.####.## #


There were no monsters in sight!

Vanquished Creatures
  A hound (D:2)
  A worker ant (D:3)
  An adder (D:2)
  An ooze (D:2)
  A dart slug (D:2)
  2 leopard geckos (D:2)
  2 orcs (D:3)
  4 giant cockroaches
  8 goblins
  7 hobgoblins
  4 jackals (D:2)
  4 kobolds
  A quokka (D:2)
  2 ball pythons (D:3)
  8 bats
  2 frilled lizards
  7 rats
56 creatures vanquished.

Notes
Turn   | Place    | Note
-------+----------+-------------------------------------------
     0 | D:1      | Monzz the Hill Orc Monk began the quest for the Orb.
     0 | D:1      | Reached XP level 1. HP: 19/19 MP: 1/1
   291 | D:1      | Reached XP level 2. HP: 27/27 MP: 2/2
   844 | D:1      | Reached XP level 3. HP: 32/33 MP: 3/3
  1066 | D:2      | Reached XP level 4. HP: 13/40 MP: 4/4
  1292 | D:2      | Reached skill level 1 in Armour
  1347 | D:2      | Found a stormy altar of Qazlal.
  1529 | D:2      | Reached skill level 5 in Axes
  2254 | D:3      | Found a deep blue altar of Sif Muna.
  2294 | D:3      | Reached skill level 1 in Shields
  2294 | D:3      | Reached XP level 5. HP: 27/46 MP: 5/5
  2479 | D:3      | Noticed Sigmund
  2505 | D:3      | Slain by Sigmund

Skill      XL: |  1  2  3  4 |
---------------+-------------+-----
Fighting       | 4 |  4.2
Dodging        | 3 |  3.2
Armour         | 1 |  1.4
Axes           | 5 |  5.2
Stealth        | 2 |  2.0
Shields        | 1 |  1.0
Maces & Flails | |  0.1

Action                   |  1- 3 |  4- 6 || total
-------------------------+-------+-------++-------
Melee: Hand axe          |   100 |    63 ||   163
       Mace              |       |    72 ||    72
  Use: Scroll            |     3 |     2 ||     5
 Stab: Sleeping          |     3 |     1 ||     4
       Distracted        |       |     1 ||     1
  Eat: Chunk             |     1 |    13 ||    14
Armor: Robe              |    16 |       ||    16
       Leather armour    |    34 |    15 ||    49
       Chain mail        |       |    44 ||    44
Dodge: Dodged            |    87 |    35 ||   122
Block: Shield            |       |    35 ||    35
